 Dungeon Crawl Stone Soup version 0.28-a0-1130-gc51a68064b (webtiles) character file.

Game seed: 12442215551424012045

4281 fragbeetle the Nimble (level 10, -10/76 HPs)
             Began as a Merfolk Transmuter on Dec 12, 2021.
             Was a Follower of Makhleb.
             Mangled by a boulder beetle (62 damage)
             ... on level 9 of the Dungeon.
             The game lasted 00:37:14 (7779 turns).

fragbeetle the Nimble (Merfolk Transmuter)          Turns: 7779, Time: 00:37:14

Health: -10/76     AC:  2    Str: 16    XL:     10   Next: 32%
Magic:  14/16      EV: 26    Int: 12    God:    Makhleb [*.....]
Gold:   453        SH:  0    Dex: 19    Spells: 7/17 levels left

rFire   . . .      SeeInvis .     - Unarmed
rCold   . . .      Faith    .   (shield currently unavailable)
rNeg    . . .      Spirit   .   (armour currently unavailable)
rPois   x          Reflect  .   (helmet currently unavailable)
rElec   .          Harm     .   (cloak currently unavailable)
rCorr   +          Rampage  .   (gloves currently unavailable)
Will    .....                   (boots currently unavailable)
Stlth   ++........              g - amulet of regeneration
HPRegen 1.02/turn               y - ring of resist corrosion
MPRegen 0.15/turn               (no ring)

@: spider-form (expiring)
A: venomous fangs, tiny, (nimble swimmer 2), (mertail)
a: End Transformation, Renounce Religion


You were on level 9 of the Dungeon.
You worshipped Makhleb.
Makhleb was aware of your devotion.
You were a venomous arachnid creature.
You visited 2 branches of the dungeon, and saw 10 of its levels.
You also visited: Sewer.

You collected 453 gold pieces.

Inventory:

Hand Weapons
 i - a +0 hunting sling of venom
Missiles
 h - 278 stones
 o - 21 poisoned darts
 B - 2 throwing nets
Armour
 l - a +0 pair of gloves (melded)
 n - a +2 troll leather armour (melded) {Pargi}
 u - a +2 ring mail of willpower
 x - a +0 cloak (melded)
Magical Staves
 z - a staff of conjuration
Jewellery
 g - an amulet of regeneration (around neck)
 y - a ring of resist corrosion (left front leg)
Wands
 q - a wand of iceblast (26)
 w - a wand of polymorph (7)
Scrolls
 b - a scroll of noise {unknown}
 c - a scroll of blinking
 e - 6 scrolls of immolation {unknown}
 f - 3 scrolls of teleportation
 j - 4 scrolls of brand weapon
 s - 3 scrolls of vulnerability
 v - 2 scrolls of amnesia {unknown}
 A - a scroll of magic mapping {unknown}
Potions
 a - a potion of degeneration {unknown}
 d - a potion of lignification {unknown}
 k - 4 potions of flight
 m - 3 potions of brilliance
 p - 2 potions of curing
 r - 2 potions of attraction
 t - a potion of ambrosia {unknown}
 C - a potion of mutation {unknown}
Miscellaneous
 D - a phial of floods


   Skills:
 * Level 6.0 Fighting
 + Level 0.3 Slings
 + Level 1.9 Armour
 + Level 8.5 Dodging
 - Level 0.5 Stealth
 + Level 8.3 Unarmed Combat
 + Level 4.3 Spellcasting
 * Level 7.9 Transmutations
 * Level 5.2 Ice Magic
 + Level 3.8 Poison Magic
 + Level 0.2 Evocations


You had 7 spell levels left.
You knew the following spells:

 Your Spells              Type           Power      Damage    Failure   Level
a - Beastly Appendage     Tmut           42%        N/A       4%          1
b - Spider Form           Tmut/Pois      16%        N/A       17%         3
c - Ice Form              Ice/Tmut       18%        N/A       32%         4
d - Wereblood             Tmut           21%        N/A       6%          2

Your spell library contained the following spells:

 Spells                   Type           Power      Damage    Failure   Level
 Animate Skeleton         Necr           4%         N/A       43%         1
 Apportation              Tloc           4%         N/A       43%         1
 Magic Dart               Conj           8%         1d3       43%         1
 Pain                     Necr           8%         1d4       43%         1
 Summon Small Mammal      Summ           8%         N/A       43%         1
 Searing Ray              Conj           4%         2d4       54%         2
 Gell's Gravitas          Tloc           2%         N/A       75%         3
 Lesser Beckoning         Tloc           2%         N/A       75%         3
 Teleport Other           Tloc           2%         N/A       75%         3
 Vampiric Draining        Necr           2%         2d6       75%         3
 Fulminant Prism          Conj/Hex       1%         3d6       98%         4


Dungeon Overview and Level Annotations

Branches:
Dungeon (9/15)             Temple (1/1) D:7            Lair (0/6) D:8
  Sewer (visited)
    Orc: D:9-12

Altars:
Ashenzari
Cheibriados
Dithmenos
Elyvilon
Fedhas
Gozag
Hepliaklqana
Kikubaaqudgha
Makhleb
Nemelex Xobeh
Okawaru
Qazlal
Ru
Sif Muna
Trog
Uskayaw
Vehumet
Wu Jian
Xom
Yredelemnul
Zin
The Shining One

Shops:
D:7 [

Annotations:
D:2 1 runed translucent door, Crazy Yiuf
D:3 2 transporters
D:6 Grinder


Innate Abilities, Weirdness & Mutations

You are a venomous arachnid creature.
You have poisonous fangs.
You are tiny and dextrous.
Your spellcasting is less reliable in this form.
Your armour is entirely melded.
You are incapable of wielding weapons or throwing items.
((You are quick and stealthy near water. (Stealth+, EV+, Speed+++)))
((Your lower body shifts to a powerful aquatic tail in water.))


Message History

The boulder beetle is lightly wounded.
The boulder beetle completely misses you.
You hit the boulder beetle but do no damage.
The boulder beetle is lightly wounded.
The boulder beetle misses you.
You hit the boulder beetle but do no damage.
The boulder beetle is poisoned.
The boulder beetle is lightly wounded.
The boulder beetle leaps!
You barely miss the kobold brigand.
The kobold brigand is heavily wounded.
The kobold brigand completely misses you.
You hit the kobold brigand.
The kobold brigand is heavily wounded.
You hit the kobold brigand but do no damage.
The kobold brigand is poisoned.
The kobold brigand is heavily wounded.
The kobold brigand barely misses you.
You hit the kobold brigand.
The kobold brigand looks as sick as possible!
The kobold brigand is severely wounded.
The kobold brigand hits you with a +0 whip.
Your transformation is almost over.
The boulder beetle curls into a ball and begins rolling!
You hit the kobold brigand.
You kill the kobold brigand!
Makhleb accepts your kill.
You hit the boulder beetle.
The boulder beetle looks even sicker.
The boulder beetle is moderately wounded.
The boulder beetle hits you!!
The boulder beetle stops rolling and uncurls.
The boulder beetle curls into a ball and begins rolling!
Casting: Spider Form (dangerous; 17% risk of failure)
Confirm with . or Enter, or press ? or * to list all spells.
Okay, then.
You hit the boulder beetle but do no damage.
The boulder beetle is heavily wounded.
The boulder beetle hits you!!!
Ouch! That really hurt!
You die...

#########################
#........................
#........>.............#
#.......s..............#
#......B###............##
#......#○####............
#......#.B.)###..........
#......###.#..###.......#
#......#..##○#.#####....#
#......#.#..#B.#..K###...
#.####.##.##.##.###..###.
#.####.#.#.##.### #.#..##


You could see a boulder beetle (rolling, very poisoned).

Vanquished Creatures
  A two-headed ogre (D:8)
  An ugly thing (D:9)
  5 yaks (D:9)
  2 water moccasins (D:7)
  3 orc warriors
  Pargi (D:3)
  2 centaurs
  An ogre (D:5)
  A phantom (D:5)
  2 kobold brigands
  A gnoll sergeant (D:8)
  A wyvern zombie (D:6)
  A scorpion (D:4)
  6 killer bees
  3 wights
  2 howler monkeys
  2 electric eels (D:8)
  A bullfrog zombie (D:6)
  4 centaur zombies
  A hound (D:5)
  A centaur skeleton (D:7)
  An orc priest (D:8)
  A jelly (D:4)
  A bullfrog skeleton (D:4)
  A gnoll shaman (D:8)
  An iguana (D:4)
  3 orc wizards
  2 hound skeletons (D:5)
  2 hound zombies (D:5)
  8 adders
  14 gnolls
  3 river rats
  2 white imps
  3 worms
  6 dart slugs
  15 orcs
  5 bats
  7 endoplasms
  5 giant cockroaches
  13 goblins
  7 hobgoblins
  10 jackals
  4 quokkas
  9 ball pythons
  3 frilled lizards
  10 kobolds
  8 rats
186 creatures vanquished.

Notes
Turn   | Place    | Note
-------+----------+-------------------------------------------
     0 | D:1      | fragbeetle the Merfolk Transmuter began the quest for the
                  | Orb.
     0 | D:1      | Reached XP level 1. HP: 15/15 MP: 3/3
   392 | D:1      | Reached XP level 2. HP: 20/21 MP: 3/5
  1146 | D:1      | Reached XP level 3. HP: 18/26 MP: 4/6
  1320 | D:1      | Found a faded altar of an unknown god.
  1699 | D:2      | Learned a level 3 spell: Spider Form
  1796 | D:2      | Found a hide-covered altar of Uskayaw.
  1854 | D:2      | HP: 1/27 [poisoned by an adder]
  1855 | D:2      | Reached XP level 4. HP: 2/33 MP: 5/7
  2025 | D:2      | Found a runed translucent door.
  2026 | D:2      | Noticed Crazy Yiuf
  2637 | D:3      | Reached skill level 1 in Poison Magic
  2778 | D:3      | Noticed Pargi
  2793 | D:3      | Killed Pargi
  2794 | D:3      | Reached XP level 5. HP: 18/38 MP: 5/8
  2979 | D:3      | Found a glowing drain.
  2994 | Sewer    | Entered a sewer
  3024 | Sewer    | Reached XP level 6. HP: 19/46 MP: 9/9
  3189 | Sewer    | Found a glowing silver altar of Zin.
  3387 | D:3      | Learned a level 4 spell: Ice Form
  3435 | D:3      | Found a transporter.
  3449 | D:3      | Found a transporter.
  3453 | D:3      | Found a blossoming altar of Fedhas.
  3802 | D:3      | Learned a level 2 spell: Wereblood
  4626 | D:4      | Reached XP level 7. HP: 48/51 MP: 11/11
  4664 | D:4      | Reached skill level 5 in Dodging
  4664 | D:4      | Reached skill level 1 in Ice Magic
  4763 | D:5      | Entered Level 5 of the Dungeon
  5063 | D:5      | Identified the +10 hand axe of the Stork {venom, *Rage
                  | rPois Str+3}
  5361 | D:5      | Reached skill level 5 in Unarmed Combat
  5365 | D:5      | Reached skill level 5 in Transmutations
  5670 | D:6      | Reached XP level 8. HP: 47/58 MP: 8/13
  5804 | D:6      | Noticed Grinder
  5805 | D:6      | Paralysed by Grinder for 2 turns
  5993 | D:7      | Reached skill level 1 in Armour
  6117 | D:7      | Found a staircase to the Ecumenical Temple.
  6137 | Temple   | Entered the Ecumenical Temple
  6248 | Temple   | Became a worshipper of Makhleb the Destroyer
  6502 | D:7      | Found Tofuc's Armour Shoppe.
  6729 | D:8      | Reached XP level 9. HP: 66/66 MP: 12/14
  6992 | D:8      | Reached * piety under Makhleb
  7064 | D:8      | Reached skill level 5 in Fighting
  7286 | D:8      | Found a staircase to the Lair.
  7309 | D:8      | Noticed a two-headed ogre
  7323 | D:8      | Killed a two-headed ogre
  7601 | D:9      | Reached XP level 10. HP: 70/74 MP: 14/16
  7733 | D:9      | Noticed a green ugly thing
  7745 | D:9      | Noticed a boulder beetle
  7747 | D:9      | Killed a green ugly thing
  7748 | D:9      | Reached skill level 5 in Ice Magic
  7779 | D:9      | Mangled by a boulder beetle

Illustrated notes

Levels and vault maps discovered:
D:1:      lordsloth_arrival_two_stooges, layout_basic,
          chequers_ecumenical_altar_grove
D:2:      minmay_evil_eye, layout_rooms, basic_altar, st_stairs_2,
          uniq_crazy_yiuf_cottage
D:3:      layout_loops_ring, gammafunk_temple_overflow_arena,
          gup_sewer_entry_spiral, moated_statue, minivault_27, uniq_pargi
D:4:      minmay_razor_zed, layout_loops_ring
D:5:      layout_gridville
D:6:      layout_basic, minmay_misc_feat_pillars, st_stairs_3,
          dk_noncrumbling_3, minmay_misc_feat_hallway, uniq_grinder
D:7:      layout_cave_pools, minmay_temple_entry_wispy, serial_shops, shop,
          chequers_garden
D:8:      layout_basic, lair_entry_dummy
D:9:      minmay_the_grid_triangle_9x9_rhombus_thin
          [minmay_the_grid_triangle_9x9_zippers_horizontal,
          minmay_the_grid_triangle_9x9_prize_center,
          minmay_the_grid_triangle_9x9_corruption,
          minmay_the_grid_triangle_9x9_steps], layout_long_grid
Temple:   kilobyte_greek_temple

Skill      XL: |  1  2  3  4  5  6  7  8  9 10 |
---------------+-------------------------------+-----
Dodging        | 3 4 5 6 7 8 |  8.5
Transmutations | 3 4 5 6 7 |  7.9
Fighting       | 2 3 4 5 6 |  6.0
Unarmed Combat | 4 5 6 7 8 |  8.3
Poison Magic   | 1 2 3 |  3.8
Spellcasting   | 3 4 |  4.3
Ice Magic      | 2 3 4 5 |  5.2
Armour         | 1 |  1.9
Slings         | |  0.3
Stealth        | |  0.5
Evocations     | |  0.2

Action                   |  1- 3 |  4- 6 |  7- 9 | 10-12 || total
-------------------------+-------+-------+-------+-------++-------
Melee: Unarmed           |   136 |   245 |   371 |    42 ||   794
       Headbutt          |    17 |    50 |    25 |       ||    92
       Punch             |     1 |     5 |     2 |       ||     8
       Tailslap          |       |     1 |       |       ||     1
 Fire: Hunting sling     |       |     8 |       |       ||     8
 Cast: Beastly Appendage |    23 |    45 |    20 |       ||    88
       Spider Form       |       |     2 |    23 |     3 ||    28
       Wereblood         |       |       |     2 |       ||     2
       Ice Form          |       |       |     1 |     1 ||     2
Evoke: Wand              |       |       |     4 |       ||     4
  Use: Potion            |       |     1 |     1 |       ||     2
       Scroll            |       |     6 |     5 |       ||    11
 Stab: Sleeping          |     1 |       |       |       ||     1
Armor: Robe              |    12 |    14 |       |       ||    26
       Skin              |       |     2 |    10 |       ||    12
       Troll leather arm |       |    43 |    97 |       ||   140
Dodge: Dodged            |    82 |   152 |   342 |    26 ||   602

Table legend: (Time is in decaauts)
 A = Elapsed time spent in this place.
 B = Non-inter-level travel time spent in this place.
 C = Inter-level travel time spent in this place.
 D = Time resting spent in this place.
 E = Time spent auto-exploring this place.
 F = Levels seen in this place.
 G = Mean time per level.
                   A        B        C        D        E       F      G
               +--------+--------+--------+--------+--------+-----+--------+
         Total |   7645 |   7446 |    199 |   1172 |   1692 |  11 |  695.0 |
       Dungeon |   7293 |   7094 |    199 |   1147 |   1602 |   9 |  810.3 |
        Temple |    153 |    153 |      0 |      0 |     90 |   1 |  153.0 |
         Sewer |    199 |    199 |      0 |     25 |      0 |   1 |  199.0 |
               +--------+--------+--------+--------+--------+-----+--------+

Top non-repeatable levels by time:
     D:1: 1662 daAuts
     D:3: 1040 daAuts
     D:2: 941 daAuts
     D:4: 845 daAuts
     D:5: 818 daAuts
     D:8: 811 daAuts
     D:7: 596 daAuts
     D:6: 297 daAuts
     D:9: 280 daAuts
   Sewer: 199 daAuts
  Temple: 153 daAuts
